[Event "January 2 Early 2024"]
[Site "https://www.chess.com"]
[Date "2024.01.02"]
[Round "6"]
[White "Panchenko, Dmitry"]
[Black "Brejnik, Gustav"]
[Result "1-0"]
[Board "173"]
[TimeControl "180+1"]
[WhiteFideId "4169158"]
[BlackFideId "362662"]
[WhiteElo "2832"]
[BlackElo "2249"]
[WhiteTeam "RUS"]
[BlackTeam "CZE"]
[WhiteClock "0:01:40"]
[BlackClock "0:00:02"]

1. e4 a6 2. d4 c6 3. f3 d5 4. c3 dxe4 5. fxe4 e5 6. Nf3 Bg4 7. Bc4 Nd7 8. Qb3 Qe7 9. Qxb7 Rb8 10. Qxc6 Bxf3 11. gxf3 Nf6 12. O-O Nh5 13. Qxa6 Qh4 14. Qc6 Rb6 15. Qc8+ Ke7 16. b3 Rg6+ 17. Kh1 Ng3+ 18. Kg2 Nxe4+ 19. Kh1 Nf2+ 20. Rxf2 Qxf2 21. Ba3+ Kf6 22. Qd8+ Kf5 23. Qxd7+ Kg5 24. Qg4+ Kf6 25. dxe5+ Kxe5 26. Qe4+ Kf6 27. Qf4# 1-0

[Event "January 2 Early 2024"]
[Site "https://www.chess.com"]
[Date "2024.01.02"]
[Round "6"]
[White "Tan, Jun Ying"]
[Black "Cueto, Jonny"]
[Result "1-0"]
[Board "174"]
[TimeControl "180+1"]
[WhiteFideId "5710413"]
[BlackFideId "3300145"]
[WhiteElo "2659"]
[BlackElo "2249"]
[WhiteTeam "MAS"]
[BlackTeam "BOL"]
[WhiteClock "0:00:47"]
[BlackClock "0:00:00"]

1. d4 Nf6 2. c4 d6 3. Nf3 g6 4. Nc3 Bf5 5. Nh4 Bd7 6. g3 e5 7. d5 Bg7 8. Bg2 O-O 9. O-O a5 10. e4 Na6 11. Bg5 h6 12. Bd2 Nc5 13. Qc2 Kh7 14. h3 Nh5 15. Kh2 a4 16. Bf3 a3 17. b4 Na4 18. Bxh5 gxh5 19. Nxa4 Bxa4 20. Qd3 Be8 21. Nf5 Qf6 22. Qf3 Qg6 23. Nh4 Qf6 24. Qxh5 Bd7 25. Rac1 Rh8 26. Rc3 Kg8 27. Rf3 Qe7 28. Nf5 Bxf5 29. Rxf5 f6 30. Rc1 Qe8 31. Qxe8+ Rxe8 32. Rc3 Ra8 33. Rff3 Ra4 34. Rxa3 Rxa3 35. Rxa3 Kf7 36. Ra7 Rb8 37. a4 Kg6 38. g4 h5 39. Kg3 Bf8 40. a5 1-0

[Event "January 2 Early 2024"]
[Site "https://www.chess.com"]
[Date "2024.01.02"]
[Round "6"]
[White "RobertDowneyJr0111"]
[Black "Chirivi C, Jenny Astrid"]
[Result "1-0"]
[Board "175"]
[TimeControl "180+1"]
[BlackFideId "4403061"]
[WhiteElo "2635"]
[BlackElo "2233"]
[BlackTeam "COL"]
[WhiteClock "0:00:11"]
[BlackClock "0:00:00"]

1. c4 Nf6 2. Nf3 e6 3. e3 d5 4. b3 Be7 5. Bb2 O-O 6. Be2 c5 7. cxd5 Nxd5 8. d4 cxd4 9. Nxd4 Bd7 10. O-O Nc6 11. Nc3 Nxd4 12. Qxd4 Bf6 13. Qd2 Bc6 14. Nxd5 Bxd5 15. Rfd1 Qe7 16. Rac1 Bxb2 17. Qxb2 Rac8 18. h3 Qg5 19. Bf1 h6 20. Qd4 b6 21. Qa4 Qe7 22. Ba6 Rc5 23. Qa3 Rxc1 24. Qxc1 Qg5 25. Bf1 Qe7 26. Qc3 Qb7 27. Rc1 Rd8 28. Qc7 Rd7 29. Qxb7 Bxb7 30. Bb5 Re7 31. f3 a6 32. Be2 b5 33. Kf2 Rd7 34. Rc2 Kf8 35. e4 Ke7 36. Ke3 e5 37. g3 f6 38. h4 Kd6 39. a4 bxa4 40. bxa4 a5 41. Rb2 Bc6 42. Bb5 Bxb5 43. Rxb5 Ra7 44. h5 Kc6 45. f4 exf4+ 46. gxf4 Ra8 47. Kf3 Ra7 48. Kg4 Re7 49. Kf5 Ra7 50. e5 fxe5 51. fxe5 Rf7+ 52. Kg6 Re7 53. Rxa5 Kb6 54. Rb5+ Kc6 55. Kf5 Rf7+ 56. Ke4 Re7 57. Rd5 Kb6 58. Kd4 Rf7 59. a5+ Ka6 60. e6 Re7 61. Ke5 Re8 62. Kf5 Rf8+ 63. Ke5 Re8 64. Kd6 Rd8+ 65. Kc6 Re8 66. Kd7 1-0

[Event "January 2 Early 2024"]
[Site "https://www.chess.com"]
[Date "2024.01.02"]
[Round "6"]
[White "Smirnov, Mark"]
[Black "Clawitter, Craig"]
[Result "1-0"]
[Board "176"]
[TimeControl "180+1"]
[WhiteFideId "13764594"]
[BlackFideId "2023105"]
[WhiteElo "2537"]
[BlackElo "2209"]
[WhiteTeam "KAZ"]
[BlackTeam "USA"]
[WhiteClock "0:00:06"]
[BlackClock "0:00:04"]

1. e4 e6 2. d4 d5 3. Nd2 Be7 4. e5 c5 5. c3 cxd4 6. cxd4 Nh6 7. Bd3 Nc6 8. Ndf3 Nf5 9. Ne2 O-O 10. O-O Kh8 11. g4 Nh4 12. Nxh4 Bxh4 13. f4 f6 14. Be3 Bd7 15. exf6 gxf6 16. Kh1 Rg8 17. h3 e5 18. dxe5 fxe5 19. fxe5 Nxe5 20. Bd4 Bf6 21. Nf4 Be8 22. Bb1 Bg7 23. Qc2 Ng6 24. Ne6 Qd6 25. Bxg7+ Rxg7 26. Nxg7 Kxg7 27. Qf2 Rc8 28. Bxg6 Bxg6 29. Qf4 Be4+ 30. Kg1 Rc2 31. Qf7+ Kh6 32. Qf6+ Qxf6 33. Rxf6+ Kg7 34. Rf2 d4 35. Rxc2 Bxc2 36. Kf2 d3 37. Ke3 Kf6 38. Rf1+ Kg5 39. Rf5+ Kh4 40. Rh5+ Kg3 41. Kd2 b5 42. Rxh7 a5 43. a3 a4 44. g5 Kf4 45. g6 Ke4 46. g7 Kd4 47. g8=Q Kc5 48. Qc8+ Kb6 49. Rh6+ Ka5 50. Ra6# 1-0

[Event "January 2 Early 2024"]
[Site "https://www.chess.com"]
[Date "2024.01.02"]
[Round "6"]
[White "RaugintaBulba"]
[Black "Franchini, Gabriele"]
[Result "1-0"]
[Board "177"]
[TimeControl "180+1"]
[BlackFideId "806790"]
[WhiteElo "2536"]
[BlackElo "2203"]
[BlackTeam "ITA"]
[WhiteClock "0:00:08"]
[BlackClock "0:00:00"]

1. d4 d5 2. c4 e6 3. Nf3 Nf6 4. g3 Bb4+ 5. Bd2 Be7 6. Bg2 O-O 7. O-O c6 8. Qc2 Nbd7 9. Rd1 Ne4 10. Bf4 g5 11. Bc1 f5 12. Ne5 Nxe5 13. dxe5 Bc5 14. e3 Qe7 15. Nc3 g4 16. cxd5 exd5 17. b3 h5 18. Bb2 Bb6 19. a4 a5 20. Ba3 Bc5 21. Nxe4 Bxa3 22. Nf6+ Kh8 23. Nxh5 Bb4 24. Nf4 Kh7 25. h3 Kg7 26. hxg4 fxg4 27. Qg6+ Kh8 28. Qh6+ Kg8 29. Ng6 Qg7 30. Qxg7+ Kxg7 31. Nxf8 Kxf8 32. e4 d4 33. Rac1 Bc3 34. f4 Be6 35. Rb1 b5 36. f5 Bd7 37. e6 Be8 38. e5 Ke7 39. axb5 Rc8 40. bxc6 Bxc6 41. Bxc6 Rxc6 42. Rbc1 Rb6 43. Rb1 Rb4 44. Rf1 Rb8 45. Kf2 Rb5 46. Ke2 Rxe5+ 47. Kd3 Rc5 48. Ke4 Rc8 49. Rh1 Kd6 50. Rh7 Re8 51. Rd7+ Kc6 52. Rd1 Kc5 53. Rd5+ Kb4 54. f6 Rxe6+ 55. Kf5 Re8 56. f7 Rf8 57. Kf6 d3+ 58. Ke7 Rh8 59. f8=Q Rxf8 60. Kxf8 d2 61. R5xd2 Bxd2 62. Rxd2 Kxb3 63. Rd4 a4 64. Rxg4 a3 65. Rg7 a2 66. Ra7 Kb2 67. g4 1-0

[Event "January 2 Early 2024"]
[Site "https://www.chess.com"]
[Date "2024.01.02"]
[Round "6"]
[White "Khamdamova, Afruza"]
[Black "Gottstein, Claudius-Thomas"]
[Result "1-0"]
[Board "178"]
[TimeControl "180+1"]
[WhiteFideId "14210444"]
[BlackFideId "4653327"]
[WhiteElo "2533"]
[BlackElo "2202"]
[WhiteTeam "UZB"]
[BlackTeam "GER"]
[WhiteClock "0:00:30"]
[BlackClock "0:00:37"]

1. e4 Nf6 2. e5 Nd5 3. d4 d6 4. Nf3 Bg4 5. c4 Nb6 6. exd6 cxd6 7. h3 Bxf3 8. Qxf3 Nc6 9. Be3 g6 10. Nc3 Bg7 11. Rd1 O-O 12. Be2 e5 13. d5 Nd4 14. Bxd4 exd4 15. Ne4 Qe7 16. O-O f5 17. Nd2 Rac8 18. b3 Qh4 19. Rfe1 Nd7 20. Bf1 Ne5 21. Qg3 Qxg3 22. fxg3 Rfe8 23. Nf3 Nxf3+ 24. gxf3 Kf7 25. f4 Re4 26. Bd3 Rxe1+ 27. Rxe1 Re8 28. Kf2 Rxe1 29. Kxe1 Ke7 30. Kd2 Kd7 31. b4 Kc7 32. g4 fxg4 33. hxg4 h5 34. g5 h4 35. Bxg6 h3 36. Be4 Kb6 37. f5 a5 38. f6 Bf8 39. g6 Bh6+ 40. Kd3 Bg5 41. g7 axb4 42. g8=Q 1-0

[Event "January 2 Early 2024"]
[Site "https://www.chess.com"]
[Date "2024.01.02"]
[Round "6"]
[White "Dargan, Paul A G"]
[Black "Ezat, Mohamed"]
[Result "1-0"]
[Board "179"]
[TimeControl "180+1"]
[WhiteFideId "416762"]
[BlackFideId "10600906"]
[WhiteElo "2179"]
[BlackElo "2520"]
[WhiteTeam "ENG"]
[BlackTeam "EGY"]
[WhiteClock "0:00:16"]
[BlackClock "0:00:01"]

1. e4 e5 2. Nf3 Nc6 3. Bc4 Nf6 4. d4 exd4 5. O-O Bc5 6. c3 d3 7. Bxd3 O-O 8. Bg5 h6 9. Bh4 d6 10. Nbd2 Bg4 11. h3 Bh5 12. Qb3 Bb6 13. Rad1 g5 14. Bg3 g4 15. hxg4 Bxg4 16. Nc4 Nh5 17. Nxb6 axb6 18. Bh4 Qd7 19. Be2 Bxf3 20. Bxf3 Nf4 21. Bg3 Ng6 22. Rd5 Qe6 23. Rfd1 Nce5 24. Be2 Qf6 25. f3 Nf4 26. Bxf4 Qxf4 27. R5d2 h5 28. Qd5 h4 29. Qxb7 h3 30. Bf1 h2+ 31. Kh1 Rxa2 32. Qxc7 Re8 33. Qxd6 Re6 34. Qb8+ Kg7 35. Rd8 Nxf3 36. Rg8+ Kf6 37. Qxf4+ Ke7 38. Qxf3 Rf6 39. Qg3 Rxb2 40. Qc7+ Ke6 41. Re8# 1-0

[Event "January 2 Early 2024"]
[Site "https://www.chess.com"]
[Date "2024.01.02"]
[Round "6"]
[White "Montano Vicente, Guadalupe"]
[Black "Leisch, Lukas"]
[Result "1/2-1/2"]
[Board "180"]
[TimeControl "180+1"]
[WhiteFideId "5181399"]
[BlackFideId "1632094"]
[WhiteElo "2178"]
[BlackElo "2518"]
[WhiteTeam "MEX"]
[BlackTeam "AUT"]
[WhiteClock "0:01:07"]
[BlackClock "0:00:03"]

1. d4 e6 2. c4 d5 3. Nf3 c6 4. Nc3 Nf6 5. cxd5 exd5 6. Bg5 Be7 7. e3 h6 8. Bh4 Bf5 9. Bd3 Bxd3 10. Qxd3 Nbd7 11. O-O O-O 12. h3 Re8 13. Bg3 Bf8 14. a3 Ne4 15. Be5 Nxc3 16. Qxc3 Nxe5 17. Nxe5 Bd6 18. Nf3 a5 19. Rac1 a4 20. Qd3 Qe7 21. Qf5 Ra5 22. Rc2 Rb5 23. Rfc1 Bb8 24. Qd3 Rb3 25. Qd2 Qc7 26. Rc3 Rb5 27. Qc2 Qa5 28. Rc5 Rxc5 29. Qxc5 Qxc5 30. Rxc5 Bc7 31. Nd2 Bb6 32. Rc2 Ra8 33. Nb1 Ba5 34. Nc3 Bxc3 35. Rxc3 Kf8 36. Kf1 Ke7 37. Ke2 Kd6 38. Kd3 Re8 39. Rc1 Re6 40. Rb1 Rg6 41. g3 Rf6 42. f4 Re6 43. g4 Re4 44. b4 axb3 45. Rxb3 Kc7 46. a4 Re8 47. Rb4 Ra8 48. e4 dxe4+ 49. Kxe4 Ra5 50. h4 h5 51. g5 g6 52. Rc4 Kd6 53. Rb4 Kc7 54. Rc4 b6 55. Rb4 Rd5 56. Rc4 Kd6 57. Rb4 b5 58. axb5 Rxb5 59. Ra4 Rb7 60. Ra8 Re7+ 61. Kd3 Rb7 62. Rd8+ Ke6 63. Rc8 Kf5 64. Rxc6 Kxf4 65. Rc4 Rd7 66. Kc3 Ke4 67. Rb4 Rc7+ 68. Rc4 Rd7 69. Rb4 Kd5 70. Rb5+ Ke4 71. Rb4 1/2-1/2

[Event "January 2 Early 2024"]
[Site "https://www.chess.com"]
[Date "2024.01.02"]
[Round "6"]
[White "Tagliati, Eleonore"]
[Black "Bold, Andre"]
[Result "0-1"]
[Board "181"]
[TimeControl "180+1"]
[WhiteFideId "45172234"]
[BlackFideId "16208471"]
[WhiteElo "2174"]
[BlackElo "2507"]
[WhiteTeam "FRA"]
[BlackTeam "GER"]
[WhiteClock "0:00:01"]
[BlackClock "0:00:20"]

1. e4 c6 2. d4 d5 3. e5 Bf5 4. Nf3 e6 5. Be2 Ne7 6. O-O h6 7. a4 a5 8. c4 Nd7 9. cxd5 Nxd5 10. Nc3 Bb4 11. Bd2 O-O 12. Nxd5 cxd5 13. Bxb4 axb4 14. Qb3 Qb6 15. Bb5 Nb8 16. Qxb4 Be4 17. a5 Qd8 18. Nd2 Nc6 19. Bxc6 bxc6 20. Nb3 Qg5 21. g3 Qg4 22. Nd2 Bd3 23. Rfe1 Rfb8 24. Qc3 Bf5 25. b4 Ra6 26. f3 Qg6 27. Nb3 h5 28. Nc5 Raa8 29. Kh1 Qg5 30. a6 h4 31. g4 Bg6 32. a7 Rb5 33. Ra5 Rxa5 34. bxa5 Rxa7 35. Qb2 Qf4 36. Qb8+ Kh7 37. Qxa7 Qxf3+ 38. Kg1 h3 0-1

[Event "January 2 Early 2024"]
[Site "https://www.chess.com"]
[Date "2024.01.02"]
[Round "6"]
[White "Von Buelow, Georg"]
[Black "Adireddy Arjun"]
[Result "0-1"]
[Board "182"]
[TimeControl "180+1"]
[WhiteFideId "4620658"]
[BlackFideId "25647709"]
[WhiteElo "2173"]
[BlackElo "2496"]
[WhiteTeam "GER"]
[BlackTeam "IND"]
[WhiteClock "0:00:00"]
[BlackClock "0:00:11"]

1. e4 c5 2. Nf3 g6 3. d4 cxd4 4. Nxd4 Nc6 5. c4 Bg7 6. Be3 Nf6 7. Nc3 d6 8. Be2 O-O 9. O-O Bd7 10. h3 Nxd4 11. Bxd4 Bc6 12. Qc2 Qa5 13. a3 Rac8 14. b4 Qd8 15. Rad1 Nd7 16. Bxg7 Kxg7 17. Bg4 b6 18. e5 Nxe5 19. Bxc8 Qxc8 20. c5 bxc5 21. bxc5 dxc5 22. Rfe1 Nc4 23. Ne4 Nb6 24. Qxc5 Bxe4 25. Qxc8 Rxc8 26. Rxe4 e6 27. Re3 Nd5 28. Rb3 Rc5 29. Rb7 a5 30. Ra7 Kf6 31. Rd3 Kg7 32. Rf3 Nf6 33. Rb3 Ne4 34. Rf3 Nd6 35. a4 h5 36. g3 Rd5 37. Kg2 g5 38. Rc3 Ne4 39. Rcc7 Rf5 40. f3 Nd2 41. Rc3 Re5 42. Kf2 g4 43. hxg4 hxg4 44. Re3 Rf5 45. Ke2 Nxf3 46. Rb7 Nd4+ 47. Kd3 Nc6 48. Rb5 Rf1 0-1

[Event "January 2 Early 2024"]
[Site "https://www.chess.com"]
[Date "2024.01.02"]
[Round "6"]
[White "Santos Flores, Alberto"]
[Black "Guzman Lozano, Campo Elias"]
[Result "1-0"]
[Board "183"]
[TimeControl "180+1"]
[WhiteFideId "3601234"]
[BlackFideId "4403746"]
[WhiteElo "2495"]
[BlackElo "2173"]
[WhiteTeam "ECU"]
[BlackTeam "COL"]
[WhiteClock "0:01:54"]
[BlackClock "0:00:37"]

1. e4 c5 2. Nf3 Nc6 3. Nc3 g6 4. d4 cxd4 5. Nxd4 Bg7 6. Be3 Nf6 7. Bc4 O-O 8. Bb3 d6 9. f3 Bd7 10. Qd2 Re8 11. h4 h5 12. O-O-O Rc8 13. Kb1 Na5 14. Bg5 Nc4 15. Qe2 Ne5 16. g4 Rxc3 17. bxc3 hxg4 18. h5 gxf3 19. Qd2 gxh5 20. Bxf6 exf6 21. Rxh5 Bg4 22. Rhh1 a6 23. Nf5 Ng6 24. Nxg7 Rxe4 25. Qh6 f2 26. Qxg6 Be6 27. Nxe6+ fxg6 28. Nxd8+ Kf8 29. Ne6+ Ke7 30. Nd4 g5 31. Rdf1 Rf4 32. Rh2 1-0

[Event "January 2 Early 2024"]
[Site "https://www.chess.com"]
[Date "2024.01.02"]
[Round "6"]
[White "Petre, Nad-Titus"]
[Black "Mende, Andreas"]
[Result "1-0"]
[Board "184"]
[TimeControl "180+1"]
[WhiteFideId "1204165"]
[BlackFideId "4631102"]
[WhiteElo "2491"]
[BlackElo "2152"]
[WhiteTeam "ROU"]
[BlackTeam "GER"]
[WhiteClock "0:00:19"]
[BlackClock "0:00:05"]

1. e4 c5 2. Be2 Nc6 3. f4 g6 4. Nf3 Bg7 5. c3 d6 6. d4 cxd4 7. cxd4 e5 8. dxe5 dxe5 9. Qxd8+ Kxd8 10. fxe5 Nxe5 11. O-O Nxf3+ 12. Rxf3 Be6 13. Bg5+ Ne7 14. Nc3 h6 15. Rd1+ Ke8 16. Bb5+ Kf8 17. Be3 a6 18. Bd7 Bxd7 19. Rxd7 Bxc3 20. bxc3 Ke8 21. Rxb7 Rc8 22. Bd4 Rg8 23. Rf6 a5 24. Ra6 Nc6 25. Rxc6 Rxc6 26. Rb8+ Ke7 27. Rxg8 Re6 28. e5 Rc6 29. Ra8 Ke6 30. Rxa5 Rc7 31. Kf2 Kf5 32. Ke3 g5 33. h3 h5 34. e6+ Kxe6 35. Re5+ Kd6 36. Rxg5 Rb7 37. Rxh5 Rb1 38. Rg5 Re1+ 39. Kd3 Rd1+ 40. Kc4 Ra1 41. Ra5 Rh1 42. a4 Rh2 43. Rg5 Rh1 44. a5 Ra1 45. h4 Ke6 46. h5 f6 47. Rb5 Kf7 48. g4 Kg7 49. g5 Kf7 50. Bxf6 Ra4+ 51. Kb3 Rh4 52. h6 Kg6 53. a6 Rh1 54. Ra5 Rb1+ 55. Kc4 Rb8 56. a7 Ra8 57. Kb5 Kh7 58. Kb6 1-0

[Event "January 2 Early 2024"]
[Site "https://www.chess.com"]
[Date "2024.01.02"]
[Round "6"]
[White "Jing, Andrew"]
[Black "Tikhonov, Viacheslav"]
[Result "1-0"]
[Board "185"]
[TimeControl "180+1"]
[WhiteFideId "30984076"]
[BlackFideId "44196407"]
[WhiteElo "2142"]
[BlackElo "2476"]
[WhiteTeam "USA"]
[BlackTeam "RUS"]
[WhiteClock "0:01:51"]
[BlackClock "0:00:04"]

1. d4 Nf6 2. c4 g6 3. Nf3 Bg7 4. g3 O-O 5. Bg2 c6 6. O-O d5 7. Ne5 dxc4 8. Nxc4 Be6 9. Ne5 Bd5 10. f3 Nbd7 11. e4 Be6 12. Nd3 Nb6 13. Nc5 Bc4 14. Re1 Nfd7 15. Nxd7 Qxd7 16. Be3 Rfd8 17. b3 Be6 18. Nc3 Bxd4 19. Bxd4 Qxd4+ 20. Qxd4 Rxd4 21. Rad1 Rad8 22. Rxd4 Rxd4 23. Kf2 f6 24. Ke3 Rd8 25. Ne2 Kf7 26. Nd4 Bc8 27. Bf1 e5 28. Nc2 Be6 29. Bd3 Nd7 30. Be2 Nc5 31. Rc1 Nd7 32. Nb4 Ke7 33. Rd1 Nb6 34. Rc1 Nc8 35. Rc3 Nd6 36. a4 Nc8 37. a5 a6 38. Bxa6 bxa6 39. Nxc6+ Kd7 40. Nxd8 Kxd8 41. b4 Kd7 42. f4 Nd6 43. fxe5 fxe5 44. Rc5 Nf7 45. Kd3 Kd6 46. Rc1 Nd8 47. b5 axb5 48. a6 Bc4+ 49. Kc3 Kc6 50. Ra1 Ne6 51. a7 Nc7 52. a8=Q+ Nxa8 53. Rxa8 Kd6 54. Rh8 Ke6 55. Rxh7 Bf1 56. h4 Bg2 57. Kd3 Kf6 58. Rb7 Ke6 59. Ke3 Bf1 60. Rb6+ Kf7 61. g4 Bc4 62. g5 Kg7 63. Kd2 Kf7 64. Kc3 Bf1 65. Kb4 Bd3 66. Rxb5 Bxe4 67. Rxe5 Bc2 68. Kc5 Kg7 69. Kd6 Bb3 70. Ke7 Bc4 71. Rc5 Ba2 72. Rc7 Bb3 73. Ke8+ Kg8 74. Re7 Ba2 75. Ra7 Bb3 76. Ke7 Bc4 77. Kf6 Bd3 78. Rg7+ Kh8 79. Rxg6 Kh7 80. Rh6+ Kg8 81. g6 Bc2 82. g7 Bh7 83. Rxh7 Kxh7 84. Kf7 Kh6 85. g8=Q Kh5 86. Qg5# 1-0

[Event "January 2 Early 2024"]
[Site "https://www.chess.com"]
[Date "2024.01.02"]
[Round "6"]
[White "KSho99"]
[Black "Peczely, Sebastian Zsombor"]
[Result "1/2-1/2"]
[Board "186"]
[TimeControl "180+1"]
[BlackFideId "750964"]
[WhiteElo "2140"]
[BlackElo "2460"]
[BlackTeam "HUN"]
[WhiteClock "0:00:06"]
[BlackClock "0:00:02"]

1. Nf3 Nf6 2. g3 g6 3. Bg2 Bg7 4. O-O O-O 5. d4 d6 6. c4 c6 7. Nc3 Bf5 8. b3 Ne4 9. Bb2 c5 10. Nxe4 Bxe4 11. Qd2 Nc6 12. d5 Bxf3 13. Bxf3 Nd4 14. Bg2 b5 15. Rab1 bxc4 16. bxc4 Rb8 17. g4 Qb6 18. Bxd4 Qxb1 19. Bxg7 Kxg7 20. Rxb1 Rxb1+ 21. Bf1 Rfb8 22. Kg2 f6 23. Qa5 R8b7 24. e3 Rc1 25. Qa6 Rcb1 26. Bd3 R1b2 27. h4 Kf7 28. h5 R2b6 29. Qa4 Rb4 30. Qa5 R4b6 31. Kf3 Rc7 32. Qa4 Rcb7 33. h6 Rc7 34. Kg3 Rcb7 35. Be4 Rb4 36. Qc6 R4b6 37. Qa4 Rc7 38. Bd3 Rb4 39. Qa5 Rcb7 40. Qa6 R4b6 41. Qa5 Kf8 42. Qa4 Kf7 43. Qa3 Rb2 44. Qa4 Rd2 45. Bf1 Rb1 46. Qc6 Rxf1 47. Qd7 Rfxf2 48. Qd8 Rg2+ 49. Kf3 Rdf2+ 50. Ke4 f5+ 51. Kd3 Rd2+ 52. Kc3 Rb2 53. Qh8 Rgc2+ 54. Kd3 Rd2+ 55. Kc3 Rbc2+ 56. Kb3 Rb2+ 57. Kc3 Rbc2+ 58. Kb3 Rxa2 59. Qg7+ Ke8 60. Qg8+ Kd7 61. Qe6+ Kd8 62. Qg8+ Kc7 63. Qxh7 Rdb2+ 64. Kc3 Rc2+ 65. Kb3 Rab2+ 66. Ka3 Ra2+ 67. Kb3 Rab2+ 68. Ka3 Ra2+ 69. Kb3 1/2-1/2

[Event "January 2 Early 2024"]
[Site "https://www.chess.com"]
[Date "2024.01.02"]
[Round "6"]
[White "Valle Luis, Leo"]
[Black "Novikova, Margarita"]
[Result "1-0"]
[Board "188"]
[TimeControl "180+1"]
[WhiteFideId "54577187"]
[BlackFideId "14109689"]
[WhiteElo "2422"]
[BlackElo "2115"]
[WhiteTeam "ESP"]
[BlackTeam "GER"]
[WhiteClock "0:02:06"]
[BlackClock "0:01:21"]

1. e4 e5 2. Nf3 Nf6 3. Nxe5 Nxe4 4. Qe2 d5 5. d3 Bd6 6. Nf3 O-O 7. dxe4 dxe4 8. Nd4 Bb4+ 9. c3 Qxd4 10. cxb4 Qxb4+ 11. Nc3 Bd7 12. Be3 Ba4 13. Qc4 Qxc4 14. Bxc4 c6 15. b3 b5 16. Be2 1-0

[Event "January 2 Early 2024"]
[Site "https://www.chess.com"]
[Date "2024.01.02"]
[Round "6"]
[White "Subramanian, Anusha"]
[Black "Zhuk, Valeriy"]
[Result "1-0"]
[Board "189"]
[TimeControl "180+1"]
[WhiteFideId "477710"]
[BlackFideId "24151254"]
[WhiteElo "2115"]
[BlackElo "2399"]
[WhiteTeam "ENG"]
[BlackTeam "RUS"]
[WhiteClock "0:00:02"]
[BlackClock "0:00:00"]

1. e4 c5 2. Nf3 e6 3. d4 cxd4 4. Nxd4 Nf6 5. Nc3 Nc6 6. f3 Bc5 7. Nb3 Bb6 8. Bg5 h6 9. Bxf6 Qxf6 10. Qd2 O-O 11. O-O-O a5 12. a3 a4 13. Na1 Bd4 14. Bb5 Be5 15. Kb1 d6 16. Rhf1 Bf4 17. Qe2 Nd4 18. Qd3 Nxb5 19. Nxb5 d5 20. g3 Be5 21. Nc3 Bd7 22. exd5 exd5 23. Nxd5 Qe6 24. f4 Bb8 25. Rfe1 Qh3 26. Ne7+ Kh8 27. Qxd7 Qxh2 28. Nd5 Qxg3 29. Qe7 Bxf4 30. Nb6 Rae8 31. Qb4 Bd6 32. Qd2 1-0

[Event "January 2 Early 2024"]
[Site "https://www.chess.com"]
[Date "2024.01.02"]
[Round "6"]
[White "Crocker, Philip J"]
[Black "Skibbe, Willi"]
[Result "0-1"]
[Board "190"]
[TimeControl "180+1"]
[WhiteFideId "403180"]
[BlackFideId "4682190"]
[WhiteElo "2081"]
[BlackElo "2383"]
[WhiteTeam "ENG"]
[BlackTeam "GER"]
[WhiteClock "0:00:49"]
[BlackClock "0:00:38"]

1. d4 f5 2. g3 Nf6 3. Bg2 e6 4. Nf3 Be7 5. O-O O-O 6. c4 d6 7. Nc3 Ne4 8. Nxe4 fxe4 9. Nd2 d5 10. f3 exf3 11. Nxf3 Nc6 12. b3 a5 13. e3 Bd7 14. Bb2 Be8 15. Ne5 Nxe5 16. dxe5 c6 17. Rxf8+ Bxf8 18. Qg4 Qe7 19. Rf1 Bg6 20. h4 Bf5 21. Qg5 Qxg5 22. hxg5 a4 23. Bf3 axb3 24. axb3 Ra2 25. Bc3 Rc2 26. Bd4 dxc4 27. bxc4 Rxc4 28. g4 Bd3 29. Rd1 Bg6 30. Bb6 Be4 31. Kg2 Bd5 32. e4 Bxe4 33. Bxe4 Rxe4 34. Bc7 Rxg4+ 35. Kf3 Rxg5 36. Rd8 Rf5+ 37. Kg4 Kf7 38. Rd7+ Kg6 39. Bd8 h5+ 40. Kg3 b5 41. Rb7 Rxe5 42. Rb6 Rc5 43. Bh4 Bd6+ 44. Kg2 b4 45. Bf2 Rc2 46. Kf3 Rxf2+ 47. Kxf2 Bc5+ 0-1

[Event "January 2 Early 2024"]
[Site "https://www.chess.com"]
[Date "2024.01.02"]
[Round "6"]
[White "Brandao, Marcius Gomes"]
[Black "Marchesich, Giovanni"]
[Result "0-1"]
[Board "191"]
[TimeControl "180+1"]
[WhiteFideId "2124980"]
[BlackFideId "2824790"]
[WhiteElo "2065"]
[BlackElo "2360"]
[WhiteTeam "BRA"]
[BlackTeam "ITA"]
[WhiteClock "0:00:00"]
[BlackClock "0:00:30"]

1. d4 Nf6 2. c4 c5 3. d5 b5 4. cxb5 a6 5. bxa6 g6 6. Nc3 Bg7 7. e4 O-O 8. e5 Ne8 9. Nf3 d6 10. Bf4 Nd7 11. exd6 Nxd6 12. Be2 Qb6 13. Rb1 Bxa6 14. O-O Rfb8 15. Re1 c4 16. Be3 Qc7 17. Nd4 Re8 18. Qd2 Nc5 19. Bh6 Bf6 20. f3 Bb7 21. Kh1 Qb6 22. Be3 Qc7 23. Ncb5 Qd7 24. Nxd6 exd6 25. b4 cxb3 26. axb3 Re5 27. Bf4 Rxd5 28. Bc4 Rxd4 29. Qe3 Ne6 30. Bxe6 fxe6 31. Qxe6+ Qxe6 32. Rxe6 Rxf4 0-1

[Event "January 2 Early 2024"]
[Site "https://www.chess.com"]
[Date "2024.01.02"]
[Round "6"]
[White "Seder, Mohammed"]
[Black "Winkels, Marcel"]
[Result "1-0"]
[Board "192"]
[TimeControl "180+1"]
[WhiteFideId "11505567"]
[BlackFideId "1003887"]
[WhiteElo "2318"]
[BlackElo "2004"]
[WhiteTeam "PLE"]
[BlackTeam "NED"]
[WhiteClock "0:00:14"]
[BlackClock "0:00:11"]

1. e4 c5 2. Nc3 d6 3. f4 Nc6 4. Nf3 g6 5. Bb5 Bd7 6. O-O Bg7 7. Qe2 Nf6 8. e5 dxe5 9. fxe5 Ng4 10. e6 Bxe6 11. Ng5 Bf5 12. Bxc6+ bxc6 13. d3 O-O 14. h3 Nf6 15. Be3 Nd7 16. g4 h6 17. gxf5 hxg5 18. fxg6 fxg6 19. Bxg5 Ne5 20. Rxf8+ Qxf8 21. Rf1 Qc8 22. Kg2 Qe6 23. Ne4 c4 24. d4 Qd5 25. dxe5 Qxe5 26. Qxc4+ Kh7 27. Rf4 Rd8 28. Rh4+ Bh6 29. Qf7+ Qg7 30. Rxh6# 1-0

[Event "January 2 Early 2024"]
[Site "https://www.chess.com"]
[Date "2024.01.02"]
[Round "6"]
[White "Larina, Maria"]
[Black "Smirnov, Timofey"]
[Result "1-0"]
[Board "193"]
[TimeControl "180+1"]
[WhiteFideId "24113182"]
[BlackFideId "24176427"]
[WhiteElo "2314"]
[BlackElo "1988"]
[WhiteTeam "FID"]
[BlackTeam "RUS"]
[WhiteClock "0:00:05"]
[BlackClock "0:00:00"]

1. e4 e5 2. Nf3 Nf6 3. Nc3 Bb4 4. Nd5 Bc5 5. Nxe5 d6 6. Nd3 Nxe4 7. Nxc5 Nxc5 8. d4 Ne4 9. Qe2 O-O 10. Be3 Be6 11. Nf4 Re8 12. Nxe6 Rxe6 13. O-O-O d5 14. f3 Nd6 15. Qd2 Nc4 16. Bxc4 dxc4 17. d5 c3 18. Qxc3 Ra6 19. Kb1 Nd7 20. h4 Nf6 21. Bg5 h6 22. Bxf6 Rxf6 23. Rd4 Rd6 24. Rg4 f6 25. Rd4 c6 26. Rhd1 cxd5 27. Rxd5 Rxd5 28. Qc4 Kf8 29. Qxd5 Qxd5 30. Rxd5 Ke7 31. c4 Rc8 32. b3 Rc6 33. Kb2 Re6 34. Rd2 b6 35. Kc3 Re3+ 36. Kd4 Re5 37. g3 Re6 38. f4 a5 39. a4 Re1 40. c5 bxc5+ 41. Kxc5 Rb1 42. Kc4 Ke6 43. Rd3 Kf5 44. Kb5 Ke4 45. Rc3 Kd4 46. Rc4+ Kd3 47. Kxa5 Rxb3 48. Rc7 g5 49. hxg5 hxg5 50. fxg5 fxg5 51. Rg7 Ke4 52. Rxg5 Rb8 53. Ka6 Ra8+ 54. Kb5 Rb8+ 55. Kc4 Rc8+ 56. Rc5 Rg8 57. Kb5 Rxg3 58. a5 Rb3+ 59. Ka6 Kd4 60. Rc7 Kd5 61. Ka7 Kd6 62. Rc4 Kd7 63. a6 Rb5 64. Ka8 Kd8 65. Rc6 Kd7 66. Rc4 Kd8 67. Ka7 Kd7 68. Rc3 Kd8 69. Rc6 Kd7 70. Rb6 1-0

[Event "January 2 Early 2024"]
[Site "https://www.chess.com"]
[Date "2024.01.02"]
[Round "6"]
[White "Murthy, Pappu"]
[Black "Kornyukov, Alexey"]
[Result "0-1"]
[Board "194"]
[TimeControl "180+1"]
[WhiteFideId "2013401"]
[BlackFideId "4150457"]
[WhiteElo "1986"]
[BlackElo "2296"]
[WhiteTeam "USA"]
[BlackTeam "RUS"]
[WhiteClock "0:00:00"]
[BlackClock "0:00:12"]

1. e4 c5 2. Nf3 Nc6 3. d4 cxd4 4. Nxd4 e5 5. Nb5 a6 6. Nd6+ Bxd6 7. Qxd6 Qe7 8. Qd1 Nf6 9. Bd3 O-O 10. O-O d6 11. a3 Be6 12. Bg5 h6 13. Bh4 Rad8 14. Nc3 g5 15. Bg3 d5 16. Qe1 dxe4 17. Nxe4 Nxe4 18. Bxe4 Bd5 19. f3 f5 20. Bxd5+ Rxd5 21. c3 Rfd8 22. Qe2 f4 23. Bf2 Rd2 24. Qc4+ Qf7 25. Qxf7+ Kxf7 26. b4 Rc2 27. Rfc1 Rdd2 28. Rxc2 Rxc2 29. Be1 Ke6 30. a4 b5 31. axb5 axb5 32. Ra6 Kd5 33. Rb6 Na7 34. Rxh6 Rc1 35. Kf2 Rc2+ 36. Kf1 Nc6 37. h4 gxh4 38. Rxh4 Ne7 39. Rh7 Nf5 40. Rb7 Ne3+ 41. Kg1 Rc1 42. Kf2 Rc2+ 43. Kg1 Kc6 44. Re7 Re2 45. Bf2 Kd6 46. Re8 Nd1 47. Bh4 Nxc3 48. Rd8+ Kc7 49. Rd3 Na4 50. Rd5 Kc6 51. Rd8 Rb2 52. Bf6 Rb1+ 53. Kh2 Rxb4 0-1